 Dungeon Crawl Stone Soup version 0.32-a0-960-g3814254bd7 (webtiles) character file.

Game seed: 655712715327017674

28938 retardedninja the Basher (level 13, -5/93 HPs)
             Began as a Coglin Fighter on Apr 17, 2024.
             Was a High Priest of Hepliaklqana.
             Killed from afar by an oklob plant (29 damage)
             ... with a splash of acid
             ... on level 4 of the Lair of Beasts.
             The game lasted 00:27:08 (16276 turns).

retardedninja the Basher (Coglin Fighter)          Turns: 16276, Time: 00:27:09

Health: -5/93      AC: 15    Str: 20    XL:     13   Next: 42%
Magic:  13/13      EV:  5    Int:  8    God:    Hepliaklqana [*****.]
Gold:   673        SH:  0    Dex: 15    Spells: 12/12 levels left

rFire   . . .        f - +4 whip (freeze) {Bob}
rCold   . . .        n - +2 whip (elec) {Sanele}
rNeg    . . .        j - +2 plate armour
rPois   .            b - +2 helmet
rElec   .            i - +1 cloak
rCorr   .            k - +0 pair of gloves
SInv    .            (no boots)
Will    .....        (amulet unavailable) Stlth
                     (ring unavailable)
HPRegen 0.35/turn    (ring unavailable)
MPRegen 0.13/turn    (no gizmo)

%: no passive effects
@: about to teleport, corroded, revved
A: reduced essence, off-hand wielding, slow wielding, warmup strikes, no
jewellery
a: Invent Gizmo, Renounce Religion, Recall Ancestor, Ancestor Identity,
Transference, Idealise


You were on level 4 of the Lair of Beasts.
You worshipped Hepliaklqana.
Hepliaklqana was extremely pleased with you.
You visited 3 branches of the dungeon, and saw 15 of its levels.
You also visited: Ossuary.

You collected 673 gold pieces.

Inventory:

Hand Weapons
 a - a +0 war axe {Hana}
 f - a +4 whip of freezing (weapon) {Bob}
 n - a +2 whip of electrocution (offhand) {Sanele}
Missiles
 I - a throwing net (quivered)
Armour
 b - a +2 helmet (worn)
 i - a +1 cloak (worn)
 j - a +2 plate armour (worn)
 k - a +0 pair of gloves (worn)
Wands
 c - a wand of roots (8)
 B - a wand of acid (14)
 C - a wand of mindburst (8)
 E - a wand of flame (49)
Scrolls
 g - 2 scrolls of noise {unknown}
 h - a scroll of enchant weapon
 m - 5 scrolls of fog
 r - 2 scrolls of teleportation
 s - a scroll of vulnerability {unknown}
 w - 2 scrolls of enchant armour
 y - 2 scrolls of immolation {unknown}
 z - 2 scrolls of identify
 G - a scroll of revelation
Potions
 e - a potion of mutation {unknown}
 o - 3 potions of brilliance
 p - a potion of berserk rage {unknown}
 q - a potion of magic
 t - 2 potions of degeneration
 u - 2 potions of attraction
 v - 2 potions of resistance
 x - a potion of enlightenment
 D - 2 potions of cancellation


   Skills:
 + Level 10.7 Fighting
 + Level 10.5(13.6) Axes
 * Level 12.8(14.0) Maces & Flails
 + Level 9.8 Armour
 - Level 2.9 Shields


You had 12 spell levels left.
You didn't know any spells.
Your spell library contained the following spells:

 Spells                   Type           Power      Damage    Failure   Level
 Apportation              Tloc           0%         N/A       100%        1
 Summon Small Mammal      Summ           0%         N/A       100%        1
 Cigotuvi's Dreadful Rot  Necr/Alch/Air  0%         N/A       100%        2
 Ensorcelled Hibernation  Hex/Ice        0%         N/A       100%        2
 Jinxbite                 Hex            0%         N/A       100%        2
 Scorch                   Fire           0%         2d5       100%        2
 Call Canine Familiar     Summ           0%         N/A       100%        3
 Passwall                 Erth           0%         N/A       100%        3
 Sigil of Binding         Hex            0%         N/A       100%        3
 Summon Ice Beast         Ice/Summ       0%         N/A       100%        3
 Swiftness                Air            0%         N/A       100%        3
 Volatile Blastmotes      Fire/Tloc      0%         2d10      100%        3
 Anguish                  Hex/Necr       0%         N/A       100%        4
 Cause Fear               Hex            0%         N/A       100%        4
 Dispel Undead            Necr           0%         3d6       100%        4
 Flame Wave               Conj/Fire      0%         2d4       100%        4
 Leda's Liquefaction      Alch/Erth      0%         N/A       100%        4
 Martyr's Knell           Necr/Summ      0%         N/A       100%        4
 Petrify                  Alch/Erth      0%         N/A       100%        4
 Summon Blazeheart Golem  Fire/Summ      0%         N/A       100%        4
 Vhi's Electric Charge    Tloc/Air       0%         N/A       100%        4
 Alistair's Intoxication  Alch           0%         N/A       100%        5
 Metabolic Englaciation   Hex/Ice        0%         N/A       100%        5
 Summon Mana Viper        Hex/Summ       0%         N/A       100%        5
 Gell's Gavotte           Tloc           0%         2d(11-16) 100%        6
 Summon Cactus Giant      Summ           0%         N/A       100%        6
 Enfeeble                 Hex            0%         N/A       100%        7
 Monstrous Menagerie      Summ           0%         N/A       100%        7


Dungeon Overview and Level Annotations

Branches:
Dungeon (10/15)            Temple (1/1) D:4            Lair (4/5) D:9
  Swamp (0/4) Lair:2        Snake (0/4) Lair:3      Ossuary (visited)
  Slime: Lair:4-5       Orc: D:9-12

Altars:
Ashenzari
Cheibriados
Dithmenos
Elyvilon
Fedhas
Gozag
Hepliaklqana
Kikubaaqudgha
Makhleb
Nemelex Xobeh
Okawaru
Qazlal
Ru
Sif Muna
Trog
Uskayaw
Vehumet
Wu Jian
Xom
Yredelemnul
Zin
The Shining One

Shops:
D:3 =

Annotations:
D:10 Harold, Lodul
Temple 2 transporters
Lair:4 exclusion: oklob plant


Innate Abilities, Weirdness & Mutations

Your life essence is reduced to manifest your ancestor. (-10% HP)
You can wield a second weapon in your off-hand.
It takes a long time for you to wield or remove held weapons.
Your first few attacks do less damage.
You cannot equip rings or amulets.


Message History

Lightning courses through the oklob plant!
The black mamba bites you but does no damage.
The blink frog barely misses you.
You hit the oklob plant but do no damage.
The oklob plant is moderately damaged.
You hit the oklob plant but do no damage.
The black mamba bites you!
You hit the oklob plant but do no damage.
Lightning courses through the oklob plant!
The oklob plant is severely damaged.
You hit the oklob plant but do no damage.
The black mamba bites you.
The blink frog hits you but does no damage.
You hit the oklob plant but do no damage.
The oklob plant is severely damaged.
You hit the oklob plant but do no damage.
The black mamba bites you.
The blink frog hits you but does no damage.
You hit the oklob plant but do no damage.
The oklob plant is severely damaged.
You hit the oklob plant but do no damage.
The black mamba bites you!
* * * LOW HITPOINT WARNING * * *
You hit the oklob plant but do no damage.
The oklob plant is severely damaged.
You hit the oklob plant but do no damage.
The blink frog blinks!
The black mamba barely misses you.
You feel better.
The black mamba bites you but does no damage.
The blink frog hits you but does no damage.
The black mamba bites you.
As you read the scroll of teleportation, it crumbles to dust.
You feel strangely unstable. The blink frog barely misses you.
The black mamba bites you.
* * * LOW HITPOINT WARNING * * *
The blink frog blinks!
The oklob plant spits acid at you. The splash of acid hits you!!
You die...
Hepliaklqana delivers you to your ancestors.

..#.....#P........##...
.##..#..................
# #.####P......P........
....#.#..†.......P...#.
##..#.........#........#
#...#..>.............P#
...P....####PF......P##
#......# #..S§P....?#
#......# ##P.@..F....
#.......# ####.......
#.......# ###....
......# #.. ...... .


You could see an oklob plant, a black mamba and 2 blink frogs.

Vanquished Creatures
  A boulder beetle (Lair:3)
  A skyshark (Lair:2)
  4 oklob plants (Lair:3)
  Maurice (D:9)
  6 elephants
  2 black mambas
  5 cane toads
  3 komodo dragons (Lair:2)
  A troll (D:9)
  2 polar bears
  6 blink frogs
  A hornet (D:9)
  Sigmund (D:5)
  21 yaks
  3 wyverns
  A basilisk (Lair:2)
  A naga (Lair:3)
  6 water moccasins
  Duvessa (D:5)
  2 ice beasts
  2 orc warriors
  4 ogres
  3 sky beasts
  3 black bears (D:4)
  2 centaurs
  9 wolves
  An elf zombie (Ossuary)
  A weeping skull (Ossuary)
  8 bullfrogs
  A kobold brigand (D:4)
  A scorpion (D:4)
  A gnoll sergeant (D:5)
  12 wights
  Dowan (D:5)
  A killer bee (D:9)
  9 hounds
  3 bombardier beetles
  4 jellies
  3 orc priests
  3 iguanas
  A gnoll bouda (D:7)
  Ijyb (D:5)
  6 orc wizards
  A crocodile zombie (Ossuary)
  3 hound zombies (Ossuary)
  3 mummies (Ossuary)
  12 gnolls
  9 adders
  A white imp (D:7)
  3 adder zombies (Ossuary)
  3 ribbon worms
  4 dart slugs
  26 orcs
  7 ball pythons
  4 endoplasms
  5 giant cockroaches
  2 gnoll zombies (Ossuary)
  6 goblins
  12 hobgoblins
  2 jackals (D:1)
  4 quokkas
  7 ball python zombies (Ossuary)
  10 bats
  6 frilled lizards
  7 jackal zombies (Ossuary)
  26 kobolds
  5 kobold zombies (Ossuary)
  An orc zombie (Ossuary)
  10 rats
328 creatures vanquished.

Vanquished Creatures (collateral kills)
  Gastronok (Lair:3)
  An eleionoma (Lair:2)
  Amaemon (Lair:3)
  An elephant (Lair:2)
  A salamander (Lair:3)
  An orange demon (Lair:3)
  A black mamba (Lair:4)
  A cane toad (Lair:4)
  A rime drake (Lair:3)
  2 komodo dragons
  6 blink frogs
  9 yaks
  A basilisk (Lair:2)
  A steam dragon (D:8)
  A naga (Lair:3)
  3 acid dragons
  4 water moccasins
  An orc warrior (D:8)
  5 wolves
  3 ogres
  A sky beast (D:7)
  A centaur (D:8)
  A bullfrog (Lair:1)
  3 wights
  A gnoll bouda (D:8)
  3 orc wizards
  3 gnolls
  7 orcs
65 creatures vanquished.

Vanquished Creatures (others)
  5 battlemagi
5 creatures vanquished.

Grand Total: 398 creatures vanquished

Notes
Turn   | Place    | Note
-------+----------+-------------------------------------------
     0 | D:1      | retardedninja the Coglin Fighter began the quest for the
                  | Orb.
     0 | D:1      | Reached XP level 1. HP: 18/18 MP: 1/1
    85 | D:1      | Reached XP level 2. HP: 19/24 MP: 2/2
   430 | D:1      | Reached XP level 3. HP: 28/29 MP: 3/3
   913 | D:2      | Reached XP level 4. HP: 16/35 MP: 4/4
   919 | D:2      | HP: 1/35 [gnoll/+2 whip of electrocution (1)]
  1256 | D:2      | Found a burning altar of Makhleb.
  1362 | D:2      | Reached XP level 5. HP: 39/42 MP: 5/5
  1567 | D:3      | Found Wimawam's Jewellery Shop.
  1875 | D:3      | Identified the +5 ring mail of the Jabberwock {^Drain rN++}
  2113 | D:3      | Found a faded altar of an unknown god.
  2242 | D:4      | Noticed a black bear
  2246 | D:4      | Killed a black bear
  2247 | D:4      | Reached skill level 1 in Maces & Flails
  2247 | D:4      | Reached XP level 6. HP: 41/48 MP: 6/6
  2377 | D:4      | Reached skill level 2 in Maces & Flails
  2568 | D:4      | Found a sand-covered staircase.
  2575 | Ossuary  | Entered an ossuary
  2669 | Ossuary  | Reached XP level 7. HP: 35/55 MP: 7/7
  2692 | Ossuary  | Reached skill level 3 in Maces & Flails
  3351 | D:4      | Reached skill level 5 in Fighting
  3351 | D:4      | Reached XP level 8. HP: 54/62 MP: 8/8
  3364 | D:4      | Reached skill level 4 in Maces & Flails
  3700 | D:4      | Found a staircase to the Ecumenical Temple.
  3925 | Temple   | Found a transporter.
  3925 | Temple   | Found a transporter.
  3925 | Temple   | Found a transporter.
  3925 | Temple   | Found a transporter.
  3925 | Temple   | Entered the Ecumenical Temple
  3944 | Temple   | Became a worshipper of Hepliaklqana the Forgotten
  4374 | D:5      | Entered Level 5 of the Dungeon
  4380 | D:5      | Noticed Ijyb
  4444 | D:5      | Killed Ijyb
  4507 | D:5      | Reached skill level 5 in Armour
  4548 | D:5      | Reached skill level 5 in Axes
  4548 | D:5      | Reached skill level 5 in Maces & Flails
  4645 | D:5      | Found a glowing golden altar of the Shining One.
  4784 | D:5      | Noticed Duvessa
  4792 | D:5      | Killed Duvessa
  4793 | D:5      | Noticed Dowan
  4802 | D:5      | Killed Dowan
  4803 | D:5      | Reached XP level 9. HP: 38/69 MP: 9/9
  4941 | D:5      | Noticed Sigmund
  4955 | D:5      | Killed Sigmund
  4998 | D:5      | Found a glowing silver altar of Zin.
  5228 | D:6      | Reached skill level 6 in Maces & Flails
  5241 | D:6      | Reached * piety under Hepliaklqana
  5791 | D:6      | Found a snail-covered altar of Cheibriados.
  6423 | D:7      | Reached skill level 7 in Maces & Flails
  6853 | D:7      | Reached XP level 10. HP: 28/69 MP: 10/10
  7165 | D:8      | Reached ** piety under Hepliaklqana
  7166 | D:8      | Remembered your ancestor austrian painter as a battlemage
  7853 | D:8      | Reached skill level 8 in Maces & Flails
  8485 | D:9      | Noticed Maurice
  8490 | D:9      | Killed Maurice
  8623 | D:9      | Reached *** piety under Hepliaklqana
  8637 | D:9      | Found a staircase to the Lair.
  8815 | D:9      | Found a shimmering blue altar of Sif Muna.
  9021 | D:9      | Paralysed by a hornet for 1 turns
  9147 | D:9      | Found a flagged portal.
  9437 | D:9      | Found a shadowy altar of Dithmenos.
  9781 | D:10     | Entered Level 10 of the Dungeon
  9886 | D:10     | Reached skill level 9 in Maces & Flails
 10183 | D:9      | Reached XP level 11. HP: 38/77 MP: 11/11
 10505 | D:10     | Noticed Harold
 10505 | D:10     | Noticed Lodul
 10665 | Lair:1   | Entered Level 1 of the Lair of Beasts
 10952 | Lair:1   | HP: 2/78 [blink frog (10)]
 11449 | Lair:1   | Reached skill level 10 in Maces & Flails
 11647 | Lair:1   | Reached **** piety under Hepliaklqana
 11801 | Lair:1   | Reached XP level 12. HP: 25/85 MP: 12/12
 12700 | Lair:2   | Reached skill level 11 in Maces & Flails
 13006 | Lair:2   | Found a staircase to the Swamp.
 13006 | Lair:2   | Noticed an eleionoma
 13015 | Lair:2   | Killed an eleionoma
 13141 | Lair:2   | Noticed a skyshark
 13149 | Lair:2   | Killed a skyshark
 13322 | Lair:2   | Reached skill level 10 in Fighting
 13760 | Lair:3   | Noticed Amaemon
 13786 | Lair:3   | Killed Amaemon
 13926 | Lair:3   | Reached skill level 12 in Maces & Flails
 14094 | Lair:3   | Reached ***** piety under Hepliaklqana
 14187 | Lair:3   | Reached skill level 10 in Axes
 14190 | Lair:3   | Reached XP level 13. HP: 67/92 MP: 13/13
 14356 | Lair:3   | Noticed Gastronok
 14367 | Lair:3   | Killed Gastronok
 14577 | Lair:3   | Found a staircase to the Snake Pit.
 16276 | Lair:4   | Killed from afar by an oklob plant

Illustrated notes

Levels and vault maps discovered:
D:1:      heliophobic_arrival_henge, layout_basic, hangedman_decor_points
D:2:      layout_basic, basic_altar
D:3:      layout_rooms, dilly_ecumenical_altar_fadedgnrine, serial_shops, shop,
          minmay_pentomino_pile
D:4:      kennysheep_kobold_camp, layout_loops_ring, minmay_temple_entry_fiery,
          nicolae_ossuary_entry_monument
D:5:      layout_rooms, tso_oasis_becter, mainiacjoe_overflow_catwalk,
          uniq_duvessa, uniq_sigmund, uniq_ijyb
D:6:      layout_gridville, chei_slow_surprise, kennysheep_nondescript
D:7:      layout_basic
D:8:      layout_loops_ring
D:9:      layout_stronghold, nicolae_dithmenos_through_a_glass_darkly,
          nicolae_sif_muna_little_library, david_lair_shrubbed, enter_bailey_6,
          st_stairs_9, uniq_maurice
D:10:     layout_grid_maze, uniq_harold, uniq_lodul, uniq_fannar, uniq_urug
Temple:   hellmonk_temple_divided_pantheon
Lair:1:   layout_roguey, serial_forest, infiniplex_forest_corner_1,
          infiniplex_forest_lined_4_way, infiniplex_forest_clump_tiny,
          infiniplex_forest_corner_2, infiniplex_forest_clump_curved,
          infiniplex_forest_end_2, serial_bayou_pond_c, lemuel_another_geyser
Lair:2:   layout_long_grid, alex1729_swamp_entry_worm_eleionoma,
          beast_lair_carwin_2
Lair:3:   minmay_lair_oklob_tunnel, layout_regular_city,
          alex1729_snake_entry_snake, grunt_megastairs_4, uniq_amaemon,
          uniq_gastronok
Lair:4:   layout_misc_corridors

Skill      XL: |  1  2  3  4  5  6  7  8  9 10 11 12 |
---------------+-------------------------------------+-----
Armour         | 3 4 5 6 7 8 9 |  9.8
Axes           | 3 4 5 6 7 8 10 | 10.5
Fighting       | 4 5 6 8 9 10 | 10.7
Maces & Flails | 1 2 3 5 7 9 10 12 | 12.8
Shields        | |  2.9

Action                     |  1- 3 |  4- 6 |  7- 9 | 10-12 | 13-15 || total
---------------------------+-------+-------+-------+-------+-------++-------
  Melee: War axe           |    75 |    54 |       |       |       ||   129
         Short sword       |    21 |    48 |       |       |       ||    69
         Whip              |       |   174 |   510 |   847 |   346 ||  1877
 Invoke: Ancestor Identity |       |       |     1 |       |       ||     1
         Recall Ancestor   |       |       |       |     2 |       ||     2
         Ancestor Life: Ba |       |       |       |     1 |       ||     1
  Evoke: Wand              |       |     3 |     3 |     6 |     2 ||    14
    Use: Scroll            |     1 |       |     8 |    17 |     1 ||    27
         Potion            |       |     1 |     7 |     8 |     3 ||    19
   Stab: Distracted        |       |     1 |       |     7 |     1 ||     9
         Invisible         |       |       |     1 |     1 |       ||     2
 Armour: Scale mail        |    58 |   148 |    58 |       |       ||   264
         Chain mail        |       |       |   164 |       |       ||   164
         Plate armour      |       |       |       |   398 |    81 ||   479
  Dodge: Dodged            |    48 |    87 |    85 |    93 |    19 ||   332

Table legend: (Time is in decaauts)
 A = Elapsed time spent in this place.
 B = Non-inter-level travel time spent in this place.
 C = Inter-level travel time spent in this place.
 D = Time resting spent in this place.
 E = Time spent auto-exploring this place.
 F = Levels seen in this place.
 G = Mean time per level.
                   A        B        C        D        E       F      G
               +--------+--------+--------+--------+--------+-----+--------+
         Total |  15941 |  14932 |   1009 |   3529 |   8991 |  16 |  996.3 |
       Dungeon |   9985 |   9276 |    709 |   1543 |   6260 |  10 |  998.5 |
        Temple |     38 |     29 |      9 |      0 |      0 |   1 |   38.0 |
          Lair |   5369 |   5079 |    290 |   1713 |   2607 |   4 | 1342.2 |
       Ossuary |    547 |    547 |      0 |    273 |    124 |   1 |  547.0 |
               +--------+--------+--------+--------+--------+-----+--------+

Top non-repeatable levels by time:
  Lair:3: 2429 daAuts
     D:9: 2073 daAuts
  Lair:1: 1924 daAuts
     D:4: 1597 daAuts
     D:7: 1497 daAuts
  Lair:2: 969 daAuts
     D:8: 952 daAuts
     D:2: 891 daAuts
     D:5: 746 daAuts
     D:1: 742 daAuts
     D:6: 740 daAuts
     D:3: 634 daAuts
 Ossuary: 547 daAuts
    D:10: 108 daAuts
  Lair:4: 45 daAuts
